 Dungeon Crawl Stone Soup version 0.26-a0-849-gf1512cd430 (console) character file.

Game seed: 16532996469420103270

6483 Ignak the Reanimator (level 11, -10/80 (81) HPs)
             Began as a Gnoll Necromancer on Nov 20, 2020.
             Was a Priest of Sif Muna.
             Mangled by an orc warlord
             ... wielding a +0 battleaxe
              (21 damage)
             ... on level 1 of the Orcish Mines.
             The game lasted 00:37:30 (14087 turns).

Ignak the Reanimator (Gnoll Necromancer)           Turns: 14087, Time: 00:37:30

HP:   -10/80 (81)   AC:  8    Str: 10    XL:     11   Next: 0%
MP:   6/22          EV: 22    Int: 20    God:    Sif Muna [***...]
Gold: 378           SH:  0    Dex: 23    Spells: 5/25 levels left

rFire    . . .     SeeInvis .   z - +1 double sword (vamp)
rCold    . . .     Faith    .   (no shield)
rNeg     . . .     Spirit   .   w - +0 troll leather armour
rPois    .         Reflect  .   i - +1 helmet
rElec    .         Harm     .   (no cloak)
rCorr    .         Rampage  .   (no gloves)
MR       .....                  A - +0 pair of boots
Stlth    ++++......             l - amulet of magic regeneration
HPRegen  0.63/turn              B - +4 ring of evasion
MPRegen  0.43/turn              m - +6 ring of dexterity

@: no status effects
A: distributed training, fangs 1, strong nose
a: Channel Magic, Forget Spell, Renounce Religion


You were on level 1 of the Orcish Mines.
You worshipped Sif Muna.
Sif Muna was most pleased with you.
You visited 3 branches of the dungeon, and saw 11 of its levels.
You also visited: Ossuary.

You collected 708 gold pieces.
You spent 330 gold pieces at shops.

Inventory:

Hand Weapons
 a - a +2 whip of venom
 b - the +0 dagger "Wuinut" {drain, Stlth+}
   (You found it on level 5 of the Dungeon)

   A truly terrible weapon, it drains the life of those it strikes.
   It makes you more stealthy.
 y - a +2 falchion of holy wrath
 z - a +1 vampiric double sword (weapon)
 C - a +2 mace of protection
Missiles
 q - 6 boomerangs (quivered)
Armour
 e - a +1 leather armour of cold resistance
 i - a +1 helmet (worn)
 w - a +0 troll leather armour (worn)
 A - a +0 pair of boots (worn)
Magical Staves
 x - an uncursed staff of earth
Jewellery
 g - an uncursed ring of ice
 l - an amulet of magic regeneration (around neck)
 m - a +6 ring of dexterity (right hand)
 o - an uncursed ring of positive energy
 r - an uncursed ring of protection from magic
 t - an uncursed ring of protection from magic
 u - an uncursed ring of protection from fire
 v - a +6 ring of intelligence
 B - a +4 ring of evasion (left hand)
Wands
 s - a wand of polymorph (27)
Scrolls
 c - 3 scrolls of magic mapping
 d - 5 scrolls of amnesia
 h - 4 scrolls of remove curse
 j - 5 scrolls of immolation
 k - 11 scrolls of teleportation
Potions
 f - 7 potions of curing
 n - 2 potions of lignification
 D - a potion of berserk rage


   Skills:
 + Level 5.8 Fighting
 + Level 5.8 Short Blades
 + Level 5.8 Long Blades
 + Level 5.8 Axes
 + Level 5.8 Maces & Flails
 + Level 5.8 Polearms
 + Level 5.8 Staves
 + Level 5.8 Slings
 + Level 5.8 Bows
 + Level 5.8 Crossbows
 + Level 5.8 Throwing
 + Level 5.8 Armour
 + Level 7.5 Dodging
 + Level 7.2 Stealth
 + Level 5.8 Shields
 + Level 5.8 Unarmed Combat
 + Level 7.7 Spellcasting
 + Level 4.8 Conjurations
 + Level 4.8 Hexes
 + Level 4.8 Summonings
 + Level 8.7 Necromancy
 + Level 4.8 Translocations
 + Level 4.8 Transmutations
 + Level 4.8 Fire Magic
 + Level 4.8 Ice Magic
 + Level 4.8 Air Magic
 + Level 4.8 Earth Magic
 + Level 4.8 Poison Magic
 + Level 6.3 Invocations
 + Level 5.8 Evocations


You had 5 spell levels left.
You knew the following spells:

 Your Spells              Type           Power        Failure   Level
a - Pain                  Necr           ####         1%          1
b - Cause Fear            Hex            ####......   16%         4
c - Vampiric Draining     Necr           #####.....   1%          3
d - Portal Projectile     Hex/Tloc       ####..       4%          3
e - Summon Lightning Spi  Summ/Air       ####....     16%         4
f - Animate Skeleton      Necr           #####.       1%          1
z - Animate Dead          Necr           #####.....   3%          4

Your spell library contained the following spells:

 Spells                   Type           Power        Failure   Level
 Apportation              Tloc           ####..       1%          1
 Corona                   Hex            ####...      1%          1
 Summon Small Mammal      Summ           ####         1%          1
 Slow                     Hex            ####....     2%          2
 Inner Flame              Hex/Fire       ####....     4%          3
 Agony                    Necr           #####...     9%          5
 Leda's Liquefaction      Hex/Erth       ####......   16%         4
 Silence                  Hex/Air        ####......   38%         5
 Conjure Ball Lightning   Conj/Air       ####......   93%         6
 Tornado                  Air            ####......   100%        9


Dungeon Overview and Level Annotations

Branches:
Dungeon (9/15)             Temple (1/1) D:5             Orc (1/2) D:9
Ossuary (visited)
   Lair: D:8-11

Altars:
Ashenzari
Cheibriados
Dithmenos
Elyvilon
Fedhas
Hepliaklqana
Kikubaaqudgha
Nemelex Xobeh
Okawaru
Qazlal
Sif Muna
Trog
Uskayaw
Vehumet
Wu Jian
Xom
Zin

Shops:
D:8 =

Annotations:
D:6 Perttuleena's ghost, novice DDFi


Innate Abilities, Weirdness & Mutations

Your experience applies equally to all skills.
You have very sharp teeth.
Your uncanny sense of smell can sniff out nearby items.


Message History

Press: ? - help, Shift-Dir - straight line, f/p - orc warlord
Aim: an orc warlord, wielding a +0 battleaxe and wearing a +1 plate armour of fire resistance (moderately wounded)
Okay, then.
Okay, then.
As you read the scroll of fear, it crumbles to dust.
You assume a fearsome visage.
The orc warlord resists with almost no effort.
The orc warrior looks frightened!
Your orc zombie is unaffected.
Your orc priest zombie is unaffected.
The orc warrior looks frightened!
Your orc zombie is unaffected.
The orc wizard looks frightened!
The orc looks frightened!
The orc wizard mumbles some strange words.
The orc wizard flickers and vanishes!
Deactivating autopickup; reactivate with Ctrl-A.
The orc warrior hits your orc zombie with a +0 halberd!!
Your orc zombie is destroyed!
Your orc zombie hits the orc warrior with a +0 flail.
The orc warlord hits you with a +0 battleaxe!!
You die...

##...## #.....###...
##.....####.....)#....
#....#...##....o).)$..
####..##.......#...o...#
#......##....####......#
##...######o#####....###
#....<#.....#.#..)...#
#....###oZ)).##...#..#
##....@{o[#)..#...##...
##...o.>Z#.......# #..
##....##........# ∆..
##.###......#....# .
####......##....#
#.....#####..# ##.....
...# ∆ #.....# .###
..#....


You could see an orc warlord, 2 orc warriors, an orc (strong, fleeing), a
friendly orc zombie and a friendly orc priest zombie.

Vanquished Creatures
  A flayed ghost (D:8)
  A hornet (D:9)
  A troll (D:9)
  Grinder (D:3)
  Sigmund (D:4)
  A wyvern (D:9)
  4 wraiths (D:8)
  A shadow (D:8)
  2 fire bats (D:8)
  3 yaks (D:9)
  Menkaure (D:4)
  A water moccasin (D:8)
  A phantom (D:3)
  5 orc warriors
  A black bear (D:6)
  3 ice beasts
  A necrophage (D:9)
  4 ogres
  A big kobold (D:7)
  3 bullfrogs
  A water moccasin zombie (Ossuary)
  A howler monkey (D:6)
  3 centaur zombies
  2 bullfrog zombies (Ossuary)
  A hound (D:6)
  2 jellies
  6 orc priests
  A bullfrog skeleton (D:8)
  8 orc wizards
  A centaur skeleton (D:9)
  Terence (D:2)
  3 iguanas
  7 worker ants
  3 hound zombies
  18 mummies (Ossuary)
  2 worker ant zombies
  A howler monkey skeleton (D:4)
  8 gnolls
  7 adders
  3 shadow imps
  An ufetubus (D:7)
  An ooze (D:2)
  3 adder skeletons
  A dart slug (D:3)
  3 worms
  5 leopard geckos
  50 orcs
  A ball python (D:2)
  6 giant cockroaches
  4 goblins
  6 hobgoblins
  16 jackals
  5 quokkas
  13 bats
  5 frilled lizards
  A giant cockroach zombie (Ossuary)
  A jackal zombie (D:3)
  9 kobolds
  2 leopard gecko zombies (Ossuary)
  2 quokka zombies
  5 rats
256 creatures vanquished.

Vanquished Creatures (others)
  2 plants (D:1)
  5 withered plants (Ossuary)
7 creatures vanquished.

Grand Total: 263 creatures vanquished

Notes
Turn   | Place    | Note
-------+----------+-------------------------------------------
     0 | D:1      | Ignak the Gnoll Necromancer began the quest for the Orb.
     0 | D:1      | Reached XP level 1. HP: 13/13 MP: 6/6
    51 | D:1      | Learned a level 1 spell: Animate Skeleton
   184 | D:1      | Reached XP level 2. HP: 9/19 MP: 1/7
  1320 | D:2      | Reached skill level 5 in Spellcasting
  1320 | D:2      | Reached XP level 3. HP: 21/25 MP: 4/9
  1324 | D:2      | Learned a level 3 spell: Vampiric Draining
  1749 | D:2      | Found an iron altar of Okawaru.
  1797 | D:2      | Reached skill level 1 in Invocations
  1824 | D:2      | Reached skill level 1 in Fighting
  1824 | D:2      | Reached skill level 1 in Short Blades
  1824 | D:2      | Reached skill level 1 in Long Blades
  1824 | D:2      | Reached skill level 1 in Axes
  1824 | D:2      | Reached skill level 1 in Maces & Flails
  1824 | D:2      | Reached skill level 1 in Polearms
  1824 | D:2      | Reached skill level 1 in Staves
  1824 | D:2      | Reached skill level 1 in Slings
  1824 | D:2      | Reached skill level 1 in Bows
  1824 | D:2      | Reached skill level 1 in Crossbows
  1824 | D:2      | Reached skill level 1 in Throwing
  1824 | D:2      | Reached skill level 1 in Armour
  1824 | D:2      | Reached skill level 1 in Shields
  1824 | D:2      | Reached skill level 1 in Unarmed Combat
  1824 | D:2      | Reached skill level 1 in Evocations
  2039 | D:2      | Noticed Terence
  2052 | D:2      | Reached XP level 4. HP: 30/32 MP: 8/11
  2068 | D:2      | Killed Terence
  2266 | D:2      | Reached skill level 1 in Conjurations
  2266 | D:2      | Reached skill level 1 in Hexes
  2266 | D:2      | Reached skill level 1 in Summonings
  2266 | D:2      | Reached skill level 1 in Translocations
  2266 | D:2      | Reached skill level 1 in Transmutations
  2266 | D:2      | Reached skill level 1 in Fire Magic
  2266 | D:2      | Reached skill level 1 in Ice Magic
  2266 | D:2      | Reached skill level 1 in Air Magic
  2266 | D:2      | Reached skill level 1 in Earth Magic
  2266 | D:2      | Reached skill level 1 in Poison Magic
  2908 | D:3      | Reached XP level 5. HP: 33/37 MP: 5/12
  3555 | D:3      | Noticed a phantom
  3762 | D:3      | Killed a phantom
  3763 | D:3      | Reached XP level 6. HP: 11/44 MP: 4/13
  4105 | D:3      | Reached skill level 5 in Dodging
  4448 | D:4      | Found a blossoming altar of Fedhas.
  4462 | D:4      | Reached XP level 7. HP: 15/50 MP: 2/15
  4811 | D:4      | Noticed Menkaure
  4821 | D:4      | Killed Menkaure
  5487 | D:4      | Noticed Grinder
  5492 | D:4      | Paralysed by Grinder for 5 turns
  5511 | D:4      | Paralysed by Grinder for 3 turns
  5529 | D:4      | Reached skill level 5 in Stealth
  5559 | D:4      | Paralysed by something for 7 turns
  5582 | D:3      | Paralysed by something for 2 turns
  5602 | D:3      | Killed Grinder
  5603 | D:3      | Reached XP level 8. HP: 25/57 MP: 16/16
  5991 | D:5      | Entered Level 5 of the Dungeon
  6089 | D:4      | Noticed Sigmund
  6204 | D:4      | Killed Sigmund
  6428 | D:5      | Found a staircase to the Ecumenical Temple.
  6452 | Temple   | Entered the Ecumenical Temple
  6627 | Temple   | Became a worshipper of Sif Muna the Loreminder
  7059 | D:5      | Found a white marble altar of Elyvilon.
  7144 | D:5      | Got a warped dagger
  7145 | D:5      | Identified the cursed +0 dagger "Wuinut" {drain, Stlth+}
                  | (You found it on level 5 of the Dungeon)
  7622 | D:6      | Learned a level 4 spell: Cause Fear
  7626 | D:6      | Learned a level 3 spell: Portal Projectile
  8351 | D:6      | Reached * piety under Sif Muna
  8471 | D:6      | Found a runed translucent door.
  8471 | D:6      | Noticed Perttuleena's ghost (novice DDFi)
  8472 | D:6      | Noticed a boulder beetle
  8833 | D:7      | Found a radiant altar of Vehumet.
  8852 | D:7      | Found a sand-covered staircase.
  8860 | Ossuary  | Entered an ossuary
  8906 | Ossuary  | Reached XP level 9. HP: 56/65 MP: 18/18
  9515 | Ossuary  | Reached ** piety under Sif Muna
  9773 | Ossuary  | Reached skill level 8 in Necromancy
 10294 | D:8      | Found Lusemept's Jewellery Boutique.
 10307 | D:8      | Bought an uncursed amulet of magic regeneration for 330
                  | gold pieces
 10478 | D:8      | Found a runed translucent door.
 10719 | D:8      | Found a hazy altar of Hepliaklqana.
 10744 | D:8      | Reached skill level 5 in Invocations
 10876 | D:8      | Noticed a flayed ghost
 10911 | D:8      | Killed a flayed ghost
 10912 | D:8      | Reached XP level 10. HP: 53/73 MP: 20/20
 10934 | D:8      | Learned a level 4 spell: Summon Lightning Spire
 11030 | D:8      | Found a shadowy altar of Dithmenos.
 11040 | D:8      | Found a sparkling altar of Nemelex Xobeh.
 11059 | D:8      | Found a snail-covered altar of Cheibriados.
 11102 | D:8      | Reached skill level 5 in Fighting
 11102 | D:8      | Reached skill level 5 in Short Blades
 11102 | D:8      | Reached skill level 5 in Long Blades
 11102 | D:8      | Reached skill level 5 in Axes
 11102 | D:8      | Reached skill level 5 in Maces & Flails
 11102 | D:8      | Reached skill level 5 in Polearms
 11102 | D:8      | Reached skill level 5 in Staves
 11102 | D:8      | Reached skill level 5 in Slings
 11102 | D:8      | Reached skill level 5 in Bows
 11102 | D:8      | Reached skill level 5 in Crossbows
 11102 | D:8      | Reached skill level 5 in Throwing
 11102 | D:8      | Reached skill level 5 in Armour
 11102 | D:8      | Reached skill level 5 in Shields
 11102 | D:8      | Reached skill level 5 in Unarmed Combat
 11102 | D:8      | Reached skill level 5 in Evocations
 11118 | D:8      | Reached *** piety under Sif Muna
 11396 | D:8      | Found a radiant altar of Vehumet.
 11655 | D:8      | Found a shimmering altar of Xom.
 12524 | D:9      | Paralysed by a hornet for 2 turns
 13415 | D:9      | Found a staircase to the Orcish Mines.
 13923 | Orc:1    | Entered Level 1 of the Orcish Mines
 14012 | Orc:1    | Noticed an orc warlord
 14045 | D:9      | Reached XP level 11. HP: 60/80 MP: 0/22
 14052 | D:9      | Learned a level 4 spell: Animate Dead
 14087 | Orc:1    | Mangled by an orc warlord

Illustrated notes

Levels and vault maps discovered:
D:1:      eino_arrival_tree_alley, layout_loops_ring, serial_forest,
          infiniplex_forest_clump_double, infiniplex_forest_clump_cross,
          infiniplex_forest_lined_2, infiniplex_forest_straight_5,
          infiniplex_forest_clump_large, infiniplex_forest_end_1,
          infiniplex_forest_straight_1, infiniplex_forest_corner_2,
          infiniplex_forest_lined_room_2, hangedman_glass_teeth
D:2:      layout_loops_cross, okawaru_metal_pillars_3, uniq_terence
D:3:      layout_basic, serial_curves, eino_curves_01, eino_curves_02,
          minmay_misc_feat_doors
D:4:      layout_cave_pools, general_overflow_altar, minmay_misc_feat_columns,
          uniq_sigmund, uniq_grinder, uniq_menkaure
D:5:      layout_rooms, minmay_temple_entry_offerings, minmay_misc_feat_rugged,
          elyvilon_altar_1
D:6:      layout_loops_cross, ebering_ghost_inner_flame
D:7:      layout_basic, overflow_temple_1_default,
          nicolae_ossuary_entry_monument
D:8:      due_megacathedral, layout_cave_pods, grunt_temple_overflow_diamond,
          grunt_temple_overflow_open, serial_shops, shop_statue, uniq_grum
D:9:      layout_roguey, orc_0_dummy
Temple:   dpeg_chambers_temple
Orc:1:    layout_diamond_mine, uniq_sonja

Skill      XL: |  1  2  3  4  5  6  7  8  9 10 |
---------------+-------------------------------+-----
Spellcasting   | 5 6 7 |  7.7
Invocations    | 1 2 3 4 5 6 |  6.3
Fighting       | 1 2 3 4 5 |  5.8
Short Blades   | 1 2 3 4 5 |  5.8
Long Blades    | 1 2 3 4 5 |  5.8
Axes           | 1 2 3 4 5 |  5.8
Maces & Flails | 1 2 3 4 5 |  5.8
Polearms       | 1 2 3 4 5 |  5.8
Staves         | 1 2 3 4 5 |  5.8
Slings         | 1 2 3 4 5 |  5.8
Bows           | 1 2 3 4 5 |  5.8
Crossbows      | 1 2 3 4 5 |  5.8
Throwing       | 1 2 3 4 5 |  5.8
Armour         | 1 2 3 4 5 |  5.8
Shields        | 1 2 3 4 5 |  5.8
Unarmed Combat | 1 2 3 4 5 |  5.8
Evocations     | 1 2 3 4 5 |  5.8
Conjurations   | 1 2 3 4 |  4.8
Hexes          | 1 2 3 4 |  4.8
Summonings     | 1 2 3 4 |  4.8
Translocations | 1 2 3 4 |  4.8
Transmutations | 1 2 3 4 |  4.8
Fire Magic     | 1 2 3 4 |  4.8
Ice Magic      | 1 2 3 4 |  4.8
Air Magic      | 1 2 3 4 |  4.8
Earth Magic    | 1 2 3 4 |  4.8
Poison Magic   | 1 2 3 4 |  4.8
Dodging        | 5 6 7 |  7.5
Stealth        | 5 6 7 |  7.2
Necromancy     | 8 |  8.7

Action                   |  1- 3 |  4- 6 |  7- 9 | 10-12 || total
-------------------------+-------+-------+-------+-------++-------
Melee: Unarmed           |     5 |       |       |       ||     5
       Bite              |     3 |    12 |    74 |    45 ||   134
       Hand axe          |    16 |       |       |       ||    16
       Whip              |    10 |    98 |   272 |       ||   380
       War axe           |       |     8 |       |       ||     8
       Punch             |       |       |    13 |     8 ||    21
       Dagger            |       |       |    39 |       ||    39
       Falchion          |       |       |   144 |    35 ||   179
       Mace              |       |       |     4 |       ||     4
       Double sword      |       |       |       |   152 ||   152
Throw: Boomerang         |       |     1 |     5 |       ||     6
 Cast: Pain              |    38 |     2 |     8 |       ||    48
       Animate Skeleton  |     4 |     1 |     7 |     7 ||    19
       Vampiric Draining |       |    17 |    24 |    35 ||    76
       Summon Lightning  |       |       |       |     4 ||     4
       Cause Fear        |       |       |       |     1 ||     1
       Animate Dead      |       |       |       |     1 ||     1
Evoke: Wand              |       |     4 |    17 |       ||    21
  Use: Scroll            |       |       |    12 |     3 ||    15
       Potion            |       |       |    15 |     6 ||    21
 Stab: Sleeping          |     7 |     7 |    11 |     4 ||    29
       Distracted        |       |       |     3 |     2 ||     5
       Invisible         |       |       |       |     1 ||     1
Armor: Robe              |     5 |     7 |    22 |    11 ||    45
       Skin              |       |       |     3 |     5 ||     8
       Leather armour    |       |       |    15 |    32 ||    47
       Troll leather arm |       |       |       |     2 ||     2
Dodge: Dodged            |    20 |    44 |   353 |   228 ||   645
       Rpst.: Falchion   |       |       |    30 |    13 ||    43
       Double sword      |       |       |       |    58 ||    58

Table legend: (Time is in decaauts)
 A = Elapsed time spent in this place.
 B = Non-inter-level travel time spent in this place.
 C = Inter-level travel time spent in this place.
 D = Time resting spent in this place.
 E = Time spent auto-exploring this place.
 F = Levels seen in this place.
 G = Mean time per level.
                   A        B        C        D        E       F      G
               +--------+--------+--------+--------+--------+-----+--------+
         Total |  14156 |  13873 |    283 |   4849 |   4826 |  12 | 1179.7 |
       Dungeon |  12757 |  12474 |    283 |   4299 |   4621 |   9 | 1417.4 |
        Temple |    204 |    204 |      0 |      0 |    110 |   1 |  204.0 |
  Orcish Mines |    133 |    133 |      0 |      0 |      4 |   1 |  133.0 |
       Ossuary |   1059 |   1059 |      0 |    550 |     91 |   1 | 1059.0 |
               +--------+--------+--------+--------+--------+-----+--------+

Top non-repeatable levels by time:
     D:3: 2483 daAuts
     D:9: 1651 daAuts
     D:8: 1641 daAuts
     D:6: 1632 daAuts
     D:4: 1461 daAuts
     D:1: 1284 daAuts
     D:2: 1168 daAuts
 Ossuary: 1059 daAuts
     D:7: 744 daAuts
     D:5: 689 daAuts
  Temple: 204 daAuts
   Orc:1: 133 daAuts
